 Dungeon Crawl Stone Soup version 0.25-a0-544-gee0576305d (webtiles) character file.

Game seed: 15699280261729954945, levelgen mode: classic

13262 EnegeticOcto the Cleaver (level 11, 86/106 HPs)
             Began as a Deep Dwarf Fighter on Feb 20, 2020.
             Was a Priest of Makhleb.
             Quit the game on level 12 of the Dungeon.
             The game lasted 00:06:40 (6351 turns).

EnegeticOcto the Cleaver (Deep Dwarf Fighter)       Turns: 6351, Time: 00:06:41

Health: 86/106     AC: 16    Str: 24    XL:     11   Next: 73%
Magic:  1/1        EV: 10    Int:  8    God:    Makhleb [***...]
Gold:   826        SH: 11    Dex: 12    Spells: 10/10 levels left

rFire    + . .     SeeInvis .   q - +1 war axe (vorpal)
rCold    . . .     Gourm    .   c - +0 kite shield
rNeg     + + .     Faith    .   L - +4 chain mail "Niut Ysi" {rN+ MR+}
rPois    .         Spirit   .   (helmet restricted)
rElec    .         Reflect  .   (no cloak)
rCorr    .         Harm     .   g - +0 pair of gloves
MR       ++...                  (no boots)
Stlth    ..........             (no amulet)
HPRegen  0.00/turn              p - ring of positive energy
MPRegen  0.07/turn              y - ring of Sin {+Inv rF+}

@: non-regenerating
A: damage resistance, heal wounds, antennae 1, sense surroundings 2, wild magic
1, no regeneration
a: Heal Wounds, Minor Destruction, Lesser Servant of Makhleb, Renounce Religion,
Evoke Invisibility


You were on level 12 of the Dungeon.
You worshipped Makhleb.
Makhleb was most pleased with you.
You were not hungry.

You visited 2 branches of the dungeon, and saw 13 of its levels.
You also visited: Bailey.

You collected 826 gold pieces.

Inventory:

Hand Weapons
 a - a +0 war axe
 q - a +1 vorpal war axe (weapon)
Missiles
 l - 2 throwing nets (quivered)
Armour
 c - a +0 kite shield (worn)
 g - a +0 pair of gloves (worn)
 J - a +2 helmet
 L - the +4 chain mail "Niut Ysi" (worn) {rN+ MR+}
   (You found it on level 9 of the Dungeon)

   It protects you from negative energy.
   It affects your resistance to hostile enchantments.
   If you remove this armour, your AC will decrease by 15 (16 -> 1).
Jewellery
 p - a ring of positive energy (left hand)
 y - the ring of Sin (right hand) {+Inv rF+}
   (You found it on level 7 of the Dungeon)

   [ring of protection from fire]

   It protects you from fire.
   It lets you turn invisible.
Wands
 d - a wand of flame (53)
 v - a wand of acid (15) {@v1}
 x - a wand of paralysis (23)
 G - a wand of iceblast (13)
 I - a wand of polymorph (6)
Scrolls
 b - 3 scrolls of fear
 f - 8 scrolls of identify {@r1}
 i - 2 scrolls of enchant armour
 r - 3 scrolls of immolation {@r4}
 t - 6 scrolls of remove curse {@r6}
 z - a scroll of magic mapping {@r5}
 A - 2 scrolls of amnesia
 B - a scroll of torment {unknown}
 C - 4 scrolls of teleportation {@r2}
 D - 2 scrolls of fog
Potions
 h - 5 potions of curing {@q1}
 j - 3 potions of stabbing {@q5}
 k - a potion of might {@q3}
 m - a potion of resistance {@q6}
 n - a potion of haste {@q4}
 o - a potion of cancellation
 s - 2 potions of brilliance
 u - 2 potions of lignification {@q7}
 w - 5 potions of flight
 E - a potion of magic
 F - a potion of heal wounds {@q2}
 H - a potion of berserk rage
Comestibles
 e - 19 rations
 K - 23 chunks of flesh


   Skills:
 * Level 9.2 Fighting
 * Level 10.5 Axes
 + Level 8.0 Armour
 + Level 7.2 Dodging
 + Level 8.0 Shields
 * Level 9.4 Invocations


You had 10 spell levels left.
You didn't know any spells.
Your spell library was empty.

Dungeon Overview and Level Annotations

Branches:
Dungeon (12/15)            Temple (1/1) D:6            Lair (0/6) D:10
    Orc (0/2) D:9          Bailey (visited)

Altars:
Ashenzari
Cheibriados
Dithmenos
Elyvilon
Fedhas
Gozag
Hepliaklqana
Kikubaaqudgha
Makhleb
Nemelex Xobeh
Okawaru
Qazlal
Ru
Sif Muna
Trog
Uskayaw
Vehumet
Wu Jian
Xom
Yredelemnul
Zin
The Shining One

Portals:
Trove: D:10 (give 2 scrolls of acquirement)


Innate Abilities, Weirdness & Mutations

You are resistant to damage.
You can heal yourself by infusing magical energy.
You passively map the area around you.
You do not regenerate.
You have a pair of small antennae on your head.
Your spells are a little harder to cast, but a little more powerful.


Message History

You butcher the orc corpse.
K - 6 chunks of flesh (gained 1)
You butcher the orc corpse.
K - 9 chunks of flesh (gained 3)
You butcher the howler monkey corpse.
K - 10 chunks of flesh (gained 1)
You butcher the orc corpse.
K - 12 chunks of flesh (gained 2)
You butcher the orc corpse.
K - 14 chunks of flesh (gained 2)
You butcher the orc corpse.
K - 16 chunks of flesh (gained 2)
You butcher the orc corpse.
K - 20 chunks of flesh (gained 4)
You butcher the orc corpse.
K - 23 chunks of flesh (gained 3)
Items here: ))))))))) [[[[[[[[[ ÷÷÷÷÷÷÷÷÷÷ x2
There is an open door here.
There is an open door here.
An adder comes into view.
An adder is nearby!
An adder is nearby!
An adder is nearby!
An adder is nearby!
An adder is nearby!
An adder is nearby!
An adder is nearby!
An adder is nearby!
An adder is nearby!
An adder is nearby!
An adder is nearby!
An adder is nearby!
The adder hisses angrily.
You block the adder's attack.
You hit the adder.
The adder is severely wounded.
You block the adder's attack.
You closely miss the adder.
The adder is severely wounded.
You are feeling hungry.
You are no longer poisoned.
You block the adder's attack. The adder closely misses you.
You slice the adder!!
You kill the adder!
Makhleb accepts your kill.
No target in view!
No target in view!
No target in view!
No target in view!
No target in view!
No target in view!
No target in view!
Eating one of 23 chunks of flesh.
You eat one of the 23 chunks of flesh.
This raw flesh tastes terrible.
You butcher the adder corpse.
K - 23 chunks of flesh (gained 1)
You see here an adder skeleton. x2
You sense a monster nearby.
You sense a monster nearby.
There is an open door here.
As you open the door, it creaks loudly!
You open the door.
There is an open door here.
There is an open door here.
There is an open door here.
You open the door.
An ice beast comes into view.
There is an open door here.
An ice beast is nearby!
An ice beast is nearby!
An ice beast is nearby!
An ice beast is nearby!
An ice beast is nearby!
An ice beast is nearby!
You hit the ice beast but do no damage. The ice beast misses you.
Your chain mail "Niut Ysi" prevents you from hitting the ice beast.
The ice beast closely misses you.
You slash the ice beast!
The ice beast is severely wounded.
The ice beast hits you. The ice beast freezes you.
You barely miss the ice beast.
The ice beast is severely wounded.
The ice beast hits you but does no damage.
Your shield and chain mail "Niut Ysi" prevent you from hitting the ice beast.
The ice beast is severely wounded.
The ice beast barely misses you.
You slash the ice beast!
You kill the ice beast!
Makhleb accepts your kill.
You feel better.
No target in view!
No target in view!
No target in view!
No target in view!
No target in view!
No target in view!
No target in view!
You are a level 11 Deep Dwarf Fighter.
You are 73% of the way to level 12.
Play time: 00:06:39 (6351 turns) Are you sure you want to abandon this character and quit the game? (Confirm with "yes".)

##.# ,,* ** *.# ,** *
* , , * * , ,
########+## * + ,, ,
#.........# * * , , *
#....$....+ , , , , *
+.........# ,,,
#......@..# ,
########'## * + , ,,
#..# * , ## * #.## *
.# #.# .### * * #.#
###### ...#.
#####.###### #.....
##.#.### #..........#
###..... ...#...#
#..........####['.....


There were no monsters in sight!

Vanquished Creatures
  Harold (D:8)
  Fannar (D:10)
  An orc knight (D:12)
  A deep elf mage (D:12)
  2 ugly things
  Psyche (D:10)
  A troll (D:10)
  2 hippogriffs (D:8)
  A wraith (D:12)
  A wyvern (D:11)
  14 yaks (D:10)
  A basilisk (D:10)
  A hungry ghost (D:10)
  Menkaure (D:7)
  2 wargs (D:9)
  2 porcupines (D:10)
  An ice beast (D:12)
  2 sky beasts
  9 orc warriors
  A black bear (D:11)
  A phantom (D:4)
  10 ogres
  4 centaurs
  3 crocodiles
  A big kobold (D:9)
  9 bullfrogs
  A wyvern zombie (D:10)
  A water moccasin zombie (D:9)
  2 scorpions
  6 killer bees (D:9)
  8 wights
  8 howler monkeys
  2 bullfrog zombies
  5 crimson imps
  5 hounds
  A quasit (D:6)
  A centaur zombie (D:11)
  A centaur skeleton (D:6)
  4 orc priests
  7 orc wizards
  3 jellies
  2 iguanas
  10 worker ants
  A hound skeleton (D:6)
  Robin (D:3)
  A worker ant zombie (D:6)
  2 gnolls (Bailey)
  8 adders
  3 shadow imps
  An ooze (D:6)
  An adder skeleton (D:6)
  A worm (D:4)
  2 dart slugs
  4 leopard geckos
  54 orcs
  A ball python (D:7)
  A bat (D:1)
  2 giant cockroaches
  11 goblins
  6 hobgoblins
  10 jackals
  4 quokkas
  5 frilled lizards
  A jackal zombie (D:6)
  9 kobolds
  2 leopard gecko skeletons
  A quokka skeleton (D:6)
  2 rats
  A bush (D:10)
  4 plants (D:10)
280 creatures vanquished.

Vanquished Creatures (collateral kills)
  An orc knight (Bailey)
  An orc warrior (Bailey)
2 creatures vanquished.

Vanquished Creatures (others)
  A fungus (D:10)
1 creature vanquished.

Grand Total: 283 creatures vanquished

Notes
Turn   | Place    | Note
-------+----------+-------------------------------------------
     0 | D:1      | EnegeticOcto the Deep Dwarf Fighter began the quest for the
                  | Orb.
     0 | D:1      | Reached XP level 1. HP: 20/20 MP: 1/1
   133 | D:1      | Reached XP level 2. HP: 27/27 MP: 2/2
   469 | D:3      | Reached skill level 1 in Dodging
   470 | D:3      | Reached XP level 3. HP: 31/34 MP: 3/3
   471 | D:3      | Noticed Robin
   478 | D:3      | Killed Robin
   478 | D:3      | Reached skill level 3 in Axes
   740 | D:4      | Noticed an ogre
   751 | D:4      | Reached XP level 4. HP: 20/42 MP: 4/4
   763 | D:4      | Reached XP level 5. HP: 30/49 MP: 5/5
   772 | D:4      | Killed an ogre
   772 | D:4      | Reached skill level 4 in Axes
   917 | D:4      | Reached XP level 6. HP: 27/57 MP: 5/5
  1179 | D:5      | Entered Level 5 of the Dungeon
  1219 | D:5      | Reached XP level 7. HP: 32/66 MP: 5/5
  1282 | D:5      | Reached skill level 5 in Axes
  1335 | D:5      | Found a shimmering altar of Xom.
  1455 | D:5      | Found a shadowy altar of Dithmenos.
  1710 | D:6      | Reached skill level 5 in Fighting
  1835 | D:6      | Got a pair of blackened gloves
  1846 | D:6      | Identified the cursed -3 pair of gloves "Gathron" {SInv}
                  | (You found it on level 6 of the Dungeon)
  1885 | D:6      | Reached skill level 5 in Armour
  1885 | D:6      | Reached skill level 5 in Shields
  1885 | D:6      | Reached XP level 8. HP: 36/74 MP: 4/4
  1926 | D:7      | Reached skill level 6 in Axes
  2217 | D:7      | Got a pitted lead ring
  2238 | D:7      | Noticed Menkaure
  2239 | D:7      | Identified the ring of Sin {+Inv rF+} (You found it on
                  | level 7 of the Dungeon)
  2252 | D:7      | Killed Menkaure
  2480 | D:6      | Reached skill level 7 in Axes
  2514 | D:6      | Found a staircase to the Ecumenical Temple.
  2522 | Temple   | Entered the Ecumenical Temple
  2634 | Temple   | Became a worshipper of Makhleb the Destroyer
  2789 | D:6      | Reached skill level 1 in Invocations
  3094 | D:6      | Gained mutation: You passively map the area around you.
                  | [Deep Dwarf growth]
  3094 | D:6      | Reached XP level 9. HP: 47/82 MP: 4/4
  3259 | D:8      | Noticed Harold
  3494 | D:8      | Reached skill level 5 in Dodging
  3497 | D:8      | Killed Harold
  3497 | D:8      | Reached skill level 8 in Axes
  3627 | D:8      | You fall into a shaft and drop 2 floors!
  3627 | D:10     | Entered Level 10 of the Dungeon
  3627 | D:10     | Found a staircase to the Lair.
  3627 | D:10     | Noticed Fannar
  3644 | D:10     | Reached skill level 5 in Invocations
  3645 | D:10     | Reached XP level 10. HP: 86/94 MP: 5/5
  3647 | D:10     | Reached * piety under Makhleb
  3709 | D:10     | Killed Fannar
  3751 | D:10     | Reached skill level 9 in Axes
  3794 | D:10     | Noticed Psyche
  3810 | D:10     | Killed Psyche
  3858 | D:10     | Found a portal to a secret trove of treasure.
  4179 | D:9      | Reached XP level 11. HP: 65/104 MP: 3/3
  4400 | D:8      | Reached ** piety under Makhleb
  4976 | D:9      | Found a staircase to the Orcish Mines.
  5325 | D:9      | Got a shimmering chain mail
  5336 | D:9      | Identified the +4 chain mail "Niut Ysi" {rN+ MR+} (You
                  | found it on level 9 of the Dungeon)
  5381 | D:11     | Found a flagged portal.
  5389 | D:11     | Reached skill level 10 in Axes
  5409 | D:11     | Noticed a green ugly thing
  5431 | D:11     | Killed a green ugly thing
  5455 | Bailey   | Entered a bailey
  5479 | Bailey   | Reached *** piety under Makhleb
  5498 | Bailey   | Noticed an orc knight
  5513 | Bailey   | Killed an orc knight
  5597 | D:11     | Gained mutation: Your spells are a little harder to cast,
                  | but a little more powerful. [potion of mutation]
  5597 | D:11     | Gained mutation: You have a pair of small antennae on your
                  | head. [potion of mutation]
  5949 | D:12     | Noticed a deep elf mage
  5961 | D:12     | Killed a deep elf mage
  6158 | D:12     | Noticed a death knight
  6166 | D:12     | Noticed an orc knight
  6197 | D:12     | Killed an orc knight
  6241 | D:12     | Noticed a green ugly thing
  6257 | D:12     | Killed a green ugly thing
  6351 | D:12     | Quit the game

Levels and vault maps discovered:
D:1:      dpeg_arrival_arbitrary_a, layout_basic
D:2:      layout_loops_corners, first_ration, uniq_sigmund
D:3:      layout_loops_corners, minivault_23, uniq_robin
D:4:      layout_rooms
D:5:      layout_loops_ring, xom_teletrap_fun, grunt_dithmenos_smoke
D:6:      layout_basic, minmay_temple_entry_glassed_door
D:7:      layout_cave_pools, grunt_ogre_cave, uniq_menkaure
D:8:      layout_cave_pods, supply_closet_lemuel, uniq_harold
D:9:      layout_rooms, david_orc_1_choice, minmay_variable_closet,
          skrybe_limestone_x
D:10:     layout_rooms, minmay_lair_entry_grove,
          nicolae_trove_entry_free_sample, grunt_decor_cap, uniq_fannar,
          uniq_psyche
D:11:     layout_cave_pools, enter_bailey_2
D:12:     layout_roguey, minmay_misc_feat_x, lightli_corner_chamber
Temple:   kilobyte_greek_temple

Skill      XL: |  1  2  3  4  5  6  7  8  9 10 11 |
---------------+----------------------------------+-----
Fighting       | 3 4 5 6 7 8 9 |  9.2
Dodging        | 1 2 3 4 5 6 7 |  7.2
Axes           | 3 4 5 7 8 9 10 | 10.5
Armour         | 4 5 6 7 8 |  8.0
Shields        | 4 5 6 7 8 |  8.0
Invocations    | 1 5 7 9 |  9.4

Action                   |  1- 3 |  4- 6 |  7- 9 | 10-12 || total
-------------------------+-------+-------+-------+-------++-------
Melee: War axe           |   103 |   103 |   284 |   545 ||  1035
       Unarmed           |       |       |     9 |       ||     9
Invok: Lesser Servant of |       |       |       |     2 ||     2
 Abil: Heal Wounds       |       |     6 |    17 |    28 ||    51
Evoke: Wand              |       |       |     8 |       ||     8
  Use: Scroll            |       |       |    14 |    10 ||    24
       Potion            |       |       |     1 |     1 ||     2
  Eat: Chunk             |       |     1 |     9 |    13 ||    23
       Ration            |       |       |       |     4 ||     4
Armor: Scale mail        |    42 |    46 |   132 |   157 ||   377
       Chain mail        |       |       |       |   156 ||   156
       Plate armour      |       |       |       |     3 ||     3
Dodge: Dodged            |    34 |    58 |   144 |   336 ||   572
Block: Kite shield       |    48 |    56 |   207 |   493 ||   804

Table legend:
 A = Non-vault XP
 B = Vault XP
 C = Vault XP percentage of total XP
 D = Non-vault monster count
 E = Vault monster count
 F = Vault count percentage of total count
                 A         B        C        D         E       F
            +---------+---------+-------+---------+---------+-------
      Total |   12681 |    6266 |  33.1 |     227 |      50 |  18.1
            +---------+---------+-------+---------+---------+-------
        D:1 |      36 |       0 |   0.0 |      21 |       0 |   0.0
        D:3 |      28 |      31 |  52.5 |       8 |       9 |  52.9
        D:4 |     574 |       0 |   0.0 |      25 |       0 |   0.0
        D:5 |     530 |       0 |   0.0 |      10 |       0 |   0.0
        D:6 |     957 |       0 |   0.0 |      26 |       0 |   0.0
        D:7 |     604 |     294 |  32.7 |      20 |       2 |   9.1
        D:8 |     918 |    1060 |  53.6 |      10 |       1 |   9.1
        D:9 |    1474 |     736 |  33.3 |      29 |       9 |  23.7
       D:10 |    2951 |    3204 |  52.1 |      24 |      13 |  35.1
       D:11 |    1510 |       0 |   0.0 |      23 |       0 |   0.0
       D:12 |    3099 |       0 |   0.0 |      31 |       0 |   0.0
     Bailey |       0 |     941 | 100.0 |       0 |      16 | 100.0
            +---------+---------+-------+---------+---------+-------
